 Dungeon Crawl Stone Soup version 0.30-a0-718-geaa24f58ff (webtiles) character file.

Game seed: 1890592946410502708

5593 Flugkiller the Covert (level 10, 0/68 HPs)
             Began as an Octopode Delver on Jan 25, 2023.
             Was a Follower of Ashenzari.
             Slain by an ice devil (18 damage)
             ... summoned by a kobold demonologist
             ... on level 9 of the Dungeon.
             The game lasted 00:35:10 (13288 turns).

Flugkiller the Covert (Octopode Delver)            Turns: 13288, Time: 00:35:11

Health: 0/68       AC:  1    Str: 11    XL:     10   Next: 72%
Magic:  22/22      EV: 20    Int: 19    God:    Ashenzari [*.....]
Gold:   166        SH:  7    Dex: 28    Spells: 8/13 levels left

rFire   . . .      SeeInvis .    s - +2 war axe (flame)
rCold   . . .      Faith    .    N - +0 buckler of the Soothsayer {Elem, Evo} (curse)
rNeg    + . .      Spirit   .    (helmet restricted)
rPois   +          Reflect  .    g - amulet of the acrobat
rElec   .          Harm     .    G - ring "Perceptive Soothsayer" {Int+6, Bglg, Comp} (curse)
rCorr   +          Rampage  .    x - ring of positive energy
Will    .....                    o - ring of poison resistance
Stlth   ++++++                   M - ring of Surprise {Drain rCorr MP+9 Dex+4}
HPRegen 0.31/turn                D - ring of fire
MPRegen 0.18/turn                u - ring of ice
                                 S - +6 ring of dexterity
                                 (no ring)

@: no status effects
A: almost no armour, amphibious, 8 rings, camouflage 1, gelatinous body 1,
(nimble swimmer 1), tentacles
a: Renounce Religion, Shatter the Chains


You were on level 9 of the Dungeon.
You worshipped Ashenzari.
Ashenzari was aware of your devotion.
You visited 2 branches of the dungeon, and saw 10 of its levels.

You collected 526 gold pieces.
You spent 360 gold pieces at shops.

Inventory:

Hand Weapons
 d - a +1 dagger of electrocution
   (You took it off a kobold on level 5 of the Dungeon)
 s - a +2 war axe of flaming (weapon)
   (You took it off Maggie on level 6 of the Dungeon)
 R - a +0 arbalest
   (You found it on level 7 of the Dungeon)
Missiles
 l - 14 boomerangs (quivered)
 y - 24 poisoned darts
 K - a throwing net
Armour
 N - the cursed +0 buckler of the Soothsayer (worn) {Elem, Evo}
   (You took it off an orc on level 5 of the Dungeon)

   It has a curse which improves the following skills: Elements: Fire Magic, Ice
   Magic, Air Magic and Earth Magic.
   Evocations: Evocations.
Jewellery
 g - an amulet of the acrobat (around mantle)
   (You found it on level 3 of the Dungeon)
 o - a ring of poison resistance (on tentacle)
   (You found it on level 1 of the Dungeon)
 u - a ring of ice (on tentacle)
   (You found it on level 6 of the Dungeon)
 x - a ring of positive energy (right tentacle)
   (You found it on level 3 of the Dungeon)
 A - a ring of ice
   (You found it on level 3 of the Dungeon)
 D - a ring of fire (on tentacle)
   (You found it on level 2 of the Dungeon)
 G - the cursed ring "Perceptive Soothsayer" (left tentacle) {Int+6, Bglg, Comp}
   (You found it on level 4 of the Dungeon)

   [ring of intelligence]

   Int:       It affects your intelligence (+6).
   It has a curse which improves the following skills: Beguiling: Conjurations,
   Hexes and Translocations.
   Companions: Summonings and Necromancy.
 M - the ring of Surprise (on tentacle) {Drain rCorr MP+9 Dex+4}
   (You found it on level 7 of the Dungeon)

   [ring of magical power]

   Dex:       It affects your dexterity (+4).
   MP:        It affects your magic capacity (+9).
   rCorr:     It protects you from acid and corrosion.
   Drain:     It drains your maximum health when unequipped.
 S - a +6 ring of dexterity (on tentacle)
   (You bought it in a shop on level 1 of the Dungeon)
Wands
 f - a wand of digging (3)
 j - a wand of flame (22)
   (You took it off Maggie on level 6 of the Dungeon)
 v - a wand of paralysis (10)
   (You found it on level 8 of the Dungeon)
 O - a wand of roots (7)
   (You took it off Natasha on level 2 of the Dungeon)
 P - a wand of polymorph (2)
   (You found it on level 7 of the Dungeon)
Scrolls
 b - a scroll of fog
 c - 3 scrolls of magic mapping
 i - a scroll of butterflies
 m - a scroll of poison
 p - a scroll of vulnerability
 t - 2 scrolls of teleportation
 z - a scroll of blinking
 E - a scroll of enchant armour
 H - a scroll of torment
 I - a scroll of immolation
Potions
 h - a potion of haste
 k - a potion of ambrosia
 n - 2 potions of resistance
 q - 3 potions of curing
 r - a potion of lignification
 w - a potion of heal wounds
 B - 2 potions of mutation
 C - 3 potions of invisibility
 F - 2 potions of flight
 J - 2 potions of attraction
 L - a potion of brilliance
 Q - a potion of magic
 T - a potion of berserk rage


   Skills:
 - Level 6.0 Fighting
 - Level 2.0 Short Blades
 + Level 4.1(5.6) Axes
 - Level 6.0(6.6) Maces & Flails
 - Level 8.0 Dodging
 - Level 8.0 Stealth
 - Level 4.0 Shields
 - Level 2.0 Spellcasting
 + Level 2.4(3.1) Conjurations
 - Level 3.0(3.7) Hexes
 - Level 5.2(6.1) Ice Magic
 - Level 5.0(5.8) Evocations


You had 8 spell levels left.
You knew the following spells:

 Your Spells              Type           Power      Damage    Failure   Level
a - Ensorcelled Hibernat  Hex/Ice        60%        N/A       4%          2
b - Ozocubu's Armour      Ice            37%        N/A       5%          3

Your spell library contained the following spells:

 Spells                   Type           Power      Damage    Failure   Level
 Slow                     Hex            64%        N/A       4%          1
 Hailstorm                Conj/Ice       29%        3d8       10%         3
 Confusing Touch          Hex            16%        N/A       14%         3
 Sandblast                Erth           4%         2d4       21%         1
 Inner Flame              Hex/Fire       13%        N/A       28%         3
 Sublimation of Blood     Necr           2%         N/A       30%         2
 Passwall                 Tmut/Erth      1%         N/A       32%         2
 Stone Arrow              Conj/Erth      16%        3d8       32%         3
 Swiftness                Air            2%         N/A       52%         3
 Vampiric Draining        Necr           2%         2d6       52%         3
 Ice Form                 Ice/Tmut       20%        N/A       52%         4
 Ignite Poison            Fire/Tmut/Pois 3%         N/A       54%         3
 Metabolic Englaciation   Hex/Ice        15%        N/A       61%         5
 Flame Wave               Conj/Fire      12%        2d6       73%         4
 Sticky Flame             Conj/Fire      12%        2d4       73%         4
 Petrify                  Tmut/Erth      2%         N/A       91%         4
 Irradiate                Conj/Tmut      3%         3d12      97%         5
 Summon Forest            Summ/Tloc      1%         N/A       99%         5
 Eringya's Noxious Bog    Tmut/Pois      0%         N/A       100%        6
 Simulacrum               Ice/Necr       10%        N/A       100%        6
 Summon Hydra             Summ           1%         N/A       100%        7
 Ignition                 Fire           1%         3d3       100%        8


Dungeon Overview and Level Annotations

Branches:
Dungeon (9/15) Zot: 25020  Temple (1/1) D:6 Zot: 5532     Orc (0/2) D:9
   Lair: D:8-11

Altars:
Ashenzari
Cheibriados
Dithmenos
Elyvilon
Fedhas
Gozag
Hepliaklqana
Kikubaaqudgha
Makhleb
Nemelex Xobeh
Okawaru
Qazlal
Ru
Sif Muna
Trog
Uskayaw
Vehumet
Wu Jian
Xom
Yredelemnul
Zin
The Shining One
Lugonu

Shops:
D:1 =[   D:9 =

Annotations:
D:7 2 transporters
D:8 3 runed translucent doors, exclusion: hornet, MirrMurr's ghost, novice SpHu


Innate Abilities, Weirdness & Mutations

You cannot wear most types of armour.
You are amphibious.
You can wear up to eight rings at the same time.
Your skin changes colour to match your surroundings (Stealth+).
Your rubbery body absorbs attacks. (AC +1, EV +1)
((You are camouflaged when in or above water. (Stealth+)))
You have tentacles for arms and can constrict up to eight enemies at once.


Message History

The kobold demonologist shouts!
Roots grab the kobold demonologist.
The grasping roots constrict the kobold demonologist.
The grasping roots constrict the kobold brigand.
You hear a shout! x2
The kobold brigand struggles to escape constriction.
Aiming: Throw Flame
Press: ? - help, Shift-Dir - straight line, f/p - kobold brigand
Aim: a kobold brigand, wielding a +1 whip of distortion and quivering poisoned darts (moderately wounded, constricted by roots, 100% to hit)
The puff of flame hits the kobold brigand!
The kobold brigand is severely wounded.
The grasping roots constrict the kobold demonologist.
The grasping roots constrict the kobold brigand!
The kobold brigand escapes!
A kobold comes into view. It is wielding a +0 whip.
Aiming: Throw Flame
Press: ? - help, Shift-Dir - straight line, f/p - kobold brigand
Aim: a kobold brigand, wielding a +1 whip of distortion and quivering poisoned darts (almost dead, 67% to hit)
The puff of flame hits the kobold brigand!
You kill the kobold brigand!
The grasping roots constrict the kobold demonologist.
The roots release their grip on the kobold demonologist.
The kobold demonologist looks braver for a moment.
Your Conjurations skill increases to level 2!
A kobold demonologist comes into view. It is wielding a +0 dagger.
Unknown command.
The kobold demonologist misses you.
The kobold demonologist casts a spell.
You completely miss the kobold demonologist.
You grab the kobold demonologist.
You squeeze the kobold demonologist, but do no damage.
The kobold demonologist is moderately wounded.
You constrict the kobold demonologist, but do no damage.
The kobold demonologist gestures wildly while chanting.
You slash the kobold demonologist! You burn the kobold demonologist.
The kobold demonologist is heavily wounded.
You hit the iron imp but do no damage. You constrict the kobold demonologist.
The kobold demonologist completely misses you.
You block the iron imp's attack.
You hit the kobold demonologist. You burn the kobold demonologist.
The kobold demonologist is almost dead.
You hit the iron imp but do no damage. You constrict the kobold demonologist.
The kobold demonologist casts a spell.
The kobold demonologist gestures wildly while chanting.
You block the kobold demonologist's attack.
The iron imp completely misses you.
You hit the kobold demonologist. You burn the kobold demonologist.
You kill the kobold demonologist!
The iron imp disappears in a puff of smoke!
The shadow imp disappears in a puff of smoke!
The quasit disappears in a puff of smoke!
The shadow imp disappears in a puff of smoke!
Training target 6.0 for Ice Magic reached!
Your base Axes skill increases to level 4!
The hobgoblin zombie hits you.
The kobold demonologist gestures wildly while chanting.
Things that are here:
a +0 dagger; a +0 robe You slash the kobold demonologist!
You burn the kobold demonologist. You grab the kobold demonologist.
The kobold demonologist is moderately wounded.
You hit the chaos spawn but do no damage.
You slash the hobgoblin zombie! You burn the hobgoblin zombie.
You constrict the kobold demonologist.
The kobold demonologist closely misses you.
The hobgoblin zombie completely misses you.
The chaos spawn completely misses you.
You slash the hobgoblin zombie! You burn the hobgoblin zombie.
You destroy the hobgoblin zombie!
You slash the chaos spawn! You burn the chaos spawn.
You hit the kobold demonologist. You burn the kobold demonologist.
You constrict the kobold demonologist.
You block the kobold demonologist's attack.
The chaos spawn gores you!
The kobold demonologist hits you with a +0 dagger!
You barely miss the kobold demonologist.
The kobold demonologist is heavily wounded.
You hit the chaos spawn. You burn the chaos spawn.
You constrict the kobold demonologist.
The crimson imp blinks!
The chaos spawn closely misses you.
The kobold demonologist casts a spell.
You hit the kobold demonologist. You burn the kobold demonologist.
You squeeze the kobold demonologist.
The kobold demonologist is severely wounded.
You hit the chaos spawn. You burn the chaos spawn.
You hit the ice devil but do no damage.
You constrict the kobold demonologist, but do no damage.
You block the chaos spawn's attack.
The kobold demonologist closely misses you.
The ice devil barely misses you.
You barely miss the kobold demonologist.
The kobold demonologist is severely wounded.
You hit the chaos spawn. You burn the chaos spawn. You hit the ice devil.
You burn the ice devil. You constrict the kobold demonologist.
The chaos spawn gores you! Space warps around you.
The kobold demonologist hits you with a +0 dagger.
The ice devil hits you!
* * * LOW HITPOINT WARNING * * *
The ice devil freezes you!!
You die... #.#<.##...#.# ## ### #....##...#.# K ..# ##.#......##.. #K#.#.##.#####..#### .#5#. #........# )K5

########.## #K# #..<#
#K# #..[# ##@#####
#...# ##44....# #...#
# #...###.######...###
###..####.#...........
.....................
###.......#..........†
#>.####.######...###
#..)....# #...# #
######....##.# #...###


You could see an ice devil (summoned), a kobold demonologist, a chaos spawn
(summoned), a kobold brigand, an iron imp (summoned), a crimson imp (summoned)
and a kobold.

Vanquished Creatures
  Pikel (D:6)
  Joseph (D:7)
  Maggie (D:6)
  A kobold demonologist (D:9)
  A troll (D:9)
  2 shadows (D:9)
  A steam dragon (D:6)
  Menkaure (D:4)
  2 two-headed ogre zombies (D:9)
  A water moccasin (D:7)
  2 sky beasts (D:7)
  3 ice beasts
  3 black bears
  3 centaurs
  A phantom (D:6)
  2 kobold brigands
  3 scorpions
  A bullfrog (D:9)
  A necrophage (D:6)
  4 troll zombies (D:9)
  7 killer bees
  A howler monkey (D:5)
  A hound (D:5)
  A jelly (D:5)
  7 orc priests
  Natasha (thrice) (D:2)
  3 iguanas
  17 orc wizards
  2 ogre zombies (D:9)
  4 adders
  9 gnolls
  2 white imps
  2 ufetubi
  3 worms (D:2)
  29 orcs
  5 endoplasms
  3 giant cockroaches
  10 goblins
  8 hobgoblins
  5 jackals (D:2)
  8 kobolds
  A quokka (D:1)
  8 ball pythons
  2 bats
  6 frilled lizards
  A goblin skeleton (D:9)
  2 goblin zombies (D:9)
  3 hobgoblin skeletons (D:9)
  3 hobgoblin zombies (D:9)
  2 orc skeletons (D:9)
  14 orc zombies (D:9)
  6 rats
213 creatures vanquished.

Vanquished Creatures (others)
  An orc wizard (D:9)
1 creature vanquished.

Grand Total: 214 creatures vanquished

Notes
Turn   | Place    | Note
-------+----------+-------------------------------------------
     0 | D:5      | Flugkiller the Octopode Delver began the quest for the Orb.
     0 | D:5      | Reached XP level 1. HP: 16/16 MP: 1/1
   210 | D:5      | Noticed an ogre
   263 | D:4      | Identified the -1 helmet "Gigg" {rElec Regen+ Str+4}
   265 | D:4      | Noticed an iguana
   434 | D:4      | Noticed a scorpion
   636 | D:4      | Noticed Menkaure
   639 | D:4      | Killed Menkaure
   640 | D:4      | Reached XP level 2. HP: 21/21 MP: 2/2
   640 | D:4      | Reached XP level 3. HP: 26/26 MP: 3/3
   640 | D:4      | Reached XP level 4. HP: 31/31 MP: 4/4
   649 | D:4      | Noticed a scorpion
   659 | D:4      | Killed a scorpion
   660 | D:4      | Reached skill level 5 in Dodging
   660 | D:4      | Reached XP level 5. HP: 14/37 MP: 5/5
  1528 | D:2      | Reached XP level 6. HP: 33/43 MP: 6/6
  1725 | D:1      | Found Yliadygh's Antique Armour Shop.
  1796 | D:1      | Found Vadghyv's Jewellery Boutique.
  2062 | D:1      | Found a faded altar of an unknown god.
  2516 | D:2      | Noticed Natasha
  3304 | D:2      | Killed Natasha
  3305 | D:2      | Reached skill level 1 in Spellcasting
  3308 | D:2      | Learned a level 2 spell: Ensorcelled Hibernation
  3580 | D:2      | Noticed Natasha
  3590 | D:2      | Killed Natasha
  3878 | D:2      | Noticed Natasha
  3891 | D:2      | Killed Natasha
  4121 | D:3      | Reached skill level 1 in Hexes
  4132 | D:3      | Reached skill level 1 in Ice Magic
  4192 | D:3      | Reached XP level 7. HP: 35/48 MP: 9/9
  4785 | D:4      | Reached skill level 1 in Maces & Flails
  5855 | D:5      | Identified the +2 robe "Jafethri" {Rampage}
  5934 | D:5      | Reached XP level 8. HP: 48/54 MP: 11/11
  6313 | D:6      | Found a staircase to the Ecumenical Temple.
  6339 | D:6      | Noticed Maggie
  6446 | D:6      | Killed Maggie
  6447 | D:6      | Reached skill level 5 in Fighting
  6569 | D:6      | Reached skill level 1 in Evocations
  6797 | D:6      | Noticed Pikel
  7220 | D:5      | Reached XP level 9. HP: 53/62 MP: 12/12
  7387 | D:6      | Killed Pikel
  7388 | D:6      | Reached skill level 5 in Maces & Flails
  7943 | D:7      | Identified the ring of Surprise {Drain rCorr MP+9 Dex+4}
  8025 | D:7      | Found a transporter.
  8029 | D:7      | Found a flagged portal.
  8042 | D:7      | Noticed a red ugly thing
  8043 | D:7      | Found a transporter.
  8044 | D:7      | Found a corrupted altar of Lugonu.
  8047 | D:7      | Noticed a purple ugly thing
  8048 | D:7      | Noticed a red ugly thing
  8052 | D:7      | Noticed a green ugly thing
  8176 | Temple   | Entered the Ecumenical Temple
  8613 | Temple   | Became a worshipper of Ashenzari the Shackled
  8891 | D:7      | Noticed Joseph
  8900 | D:7      | Killed Joseph
  8901 | D:7      | Reached skill level 5 in Evocations
  8909 | D:7      | Noticed a yaktaur
  8909 | D:7      | a yaktaur changed into a fire crab
  8909 | D:7      | Noticed a fire crab (shapeshifter)
  8913 | D:7      | a fire crab changed into a basilisk
  9172 | D:7      | Reached XP level 10. HP: 68/68 MP: 13/13
  9667 | D:7      | Noticed a salamander
  9880 | D:1      | Bought a +6 ring of dexterity for 360 gold pieces
 10698 | D:8      | Found a runed translucent gate.
 10698 | D:8      | Found a runed translucent gate.
 10698 | D:8      | Found a runed translucent gate.
 10698 | D:8      | Noticed MirrMurr's ghost (novice SpHu)
 10699 | D:8      | Noticed a kobold demonologist
 10962 | D:8      | Learned a level 3 spell: Ozocubu's Armour
 11014 | D:8      | Reached skill level 1 in Axes
 11487 | D:9      | Found a staircase to the Orcish Mines.
 12599 | D:9      | Found Wiot's One-of-a-Kind Rings.
 12629 | D:9      | Reached * piety under Ashenzari
 12802 | D:9      | Found an ornate altar of the Wu Jian Council.
 12802 | D:9      | Found a hazy altar of Hepliaklqana.
 12966 | D:9      | Reached skill level 1 in Conjurations
 13238 | D:9      | Reached skill level 5 in Ice Magic
 13269 | D:9      | Noticed a kobold demonologist
 13273 | D:9      | Noticed a kobold demonologist
 13282 | D:9      | Killed a kobold demonologist
 13288 | D:9      | Slain by an ice devil

Illustrated notes

Levels and vault maps discovered:
D:1:      lightli_arrival_windingriver, layout_loops_cross,
          hellmonk_ecumenical_altar_leap_of_faith, serial_shops,
          nicolae_diamond_shop, nicolae_shop_behind_doors,
          dreamdust_mushroom_princess, chequers_jeans
D:2:      layout_basic, uniq_natasha
D:3:      layout_basic, serial_co_window_serial, co_window_cross_1,
          co_window_paths_b, co_window_corner_a, co_window_paths_b,
          co_window_corner_a, co_window_corner_a, co_window_of_opportunity_b,
          co_window_cross_4, co_window_broadway_a, glass_columns_a,
          glass_columns_a, glass_columns_a, glass_columns_a, glass_columns_c
D:4:      layout_basic, uniq_menkaure
D:5:      layout_basic
D:6:      layout_gridville, minmay_temple_entry_from_below_a,
          kennysheep_small_spiral, hangedman_decor_points, uniq_pikel,
          uniq_maggie
D:7:      gammafunk_corrupted_shrine, layout_basic, enter_bailey_5, uniq_joseph
D:8:      layout_basic, gammafunk_ghost_nasty_kobolds
D:9:      layout_loops_cross, mainiacjoe_overflow_divided_tiny,
          zombieorc2_lemuel, nicolae_shop_unique_rings,
          chequers_serial_rivers_small_3
Temple:   mainiacjoe_temple_big_plus

Skill      XL: |  1  2  3  4  5  6  7  8  9 10 |
---------------+-------------------------------+-----
Dodging        | 4 5 6 7 8 |  8.0
Fighting       | 4 6 |  6.0
Stealth        | 7 8 |  8.0
Spellcasting   | 1 2 |  2.0
Hexes          | 1 3 |  3.0
Ice Magic      | 1 3 5 |  5.2
Maces & Flails | 3 4 6 |  6.0
Evocations     | 3 5 |  5.0
Shields        | 4 |  4.0
Axes           | 4 |  4.1
Conjurations   | 2 |  2.4
Short Blades   | |  2.0

Action                     |  1- 3 |  4- 6 |  7- 9 | 10-12 || total
---------------------------+-------+-------+-------+-------++-------
  Melee: Short sword       |     5 |   137 |       |       ||   142
         Constrict         |     3 |    30 |    37 |    35 ||   105
         Tentacles         |     1 |    33 |    54 |    51 ||   139
         Flail             |       |     4 |   178 |    36 ||   218
         Punch             |       |     1 |     2 |     5 ||     8
         Dagger            |       |       |     4 |       ||     4
         War axe           |       |       |       |   158 ||   158
  Throw: Boomerang         |       |     1 |       |       ||     1
   Cast: Ensorcelled Hiber |       |       |     2 |       ||     2
         Ozocubu's Armour  |       |       |       |     1 ||     1
 Invoke: Curse Item        |       |       |       |     2 ||     2
  Evoke: Wand              |       |       |     2 |     4 ||     6
    Use: Scroll            |       |     4 |     5 |     6 ||    15
         Potion            |       |       |     2 |     1 ||     3
   Stab: Sleeping          |     1 |    29 |    10 |     7 ||    47
         Distracted        |       |     1 |     1 |       ||     2
         Paralysed         |       |       |       |     4 ||     4
 Armour: Skin              |       |     6 |     4 |     8 ||    18
  Dodge: Dodged            |     1 |    63 |   163 |   224 ||   451
  Block: Buckler           |       |       |    25 |    81 ||   106

Table legend: (Time is in decaauts)
 A = Elapsed time spent in this place.
 B = Non-inter-level travel time spent in this place.
 C = Inter-level travel time spent in this place.
 D = Time resting spent in this place.
 E = Time spent auto-exploring this place.
 F = Levels seen in this place.
 G = Mean time per level.
                   A        B        C        D        E       F      G
               +--------+--------+--------+--------+--------+-----+--------+
         Total |  13412 |  12059 |   1353 |   3620 |   5172 |  10 | 1341.2 |
       Dungeon |  12945 |  11656 |   1289 |   3620 |   4787 |   9 | 1438.3 |
        Temple |    467 |    403 |     64 |      0 |    385 |   1 |  467.0 |
               +--------+--------+--------+--------+--------+-----+--------+

Top non-repeatable levels by time:
     D:4: 2077 daAuts
     D:8: 1906 daAuts
     D:5: 1611 daAuts
     D:7: 1584 daAuts
     D:2: 1504 daAuts
     D:9: 1159 daAuts
     D:6: 1142 daAuts
     D:3: 1137 daAuts
     D:1: 821 daAuts
  Temple: 467 daAuts
